 Dungeon Crawl Stone Soup version 0.26-a0-639-g72c4674329 (webtiles) character file.

Game seed: 1132453378383512847

57 Flugslaktarn the Shield-Bearer (level 3, -2/34 HPs)
             Began as a Deep Dwarf Fighter on Sept 23, 2020.
             Slain by an orc warrior
             ... wielding a +0 trident
              (14 damage)
             ... on level 4 of the Dungeon.
             The game lasted 00:00:35 (459 turns).

Flugslaktarn the Shield-Bearer (Deep Dwarf Fighter)  Turns: 459, Time: 00:00:35

Health: -2/34      AC:  6    Str: 20    XL:     3   Next: 73%
Magic:  2/2        EV:  5    Int:  8    God:
Gold:   100        SH: 14    Dex: 12    Spells: 2/2 levels left

rFire    . . .     SeeInvis .   a - +0 war axe
rCold    . . .     Faith    .   h - +0 tower shield
rNeg     . . .     Spirit   .   b - +0 scale mail
rPois    .         Reflect  .   (no helmet)
rElec    .         Harm     .   (no cloak)
rCorr    .         Rampage  .   (no gloves)
MR       .....                  (no boots)
Stlth    ..........             (no amulet)
HPRegen  0.00/turn              (no ring)
MPRegen  0.08/turn              (no ring)

@: mighty, non-regenerating
A: damage resistance, heal wounds, sense surroundings 1, no regeneration
a: Heal Wounds


You were on level 4 of the Dungeon.
You visited 1 branch of the dungeon, and saw 4 of its levels.

You collected 100 gold pieces.

Inventory:

Hand Weapons
 a - a +0 war axe (weapon)
Armour
 b - a +0 scale mail (worn)
 c - a +0 kite shield
 h - a +0 tower shield (worn)
   (You found it on level 1 of the Dungeon)
Jewellery
 f - a +6 ring of dexterity {unknown}
   (You found it on level 1 of the Dungeon)
Scrolls
 i - a scroll of teleportation {unknown}
Potions
 e - a potion of curing {unknown}
 g - a potion of berserk rage {unknown}
 j - a potion of brilliance {unknown}


   Skills:
 * Level 3.3 Fighting
 * Level 3.1 Axes
 + Level 3.6 Armour
 + Level 3.7 Shields


You had 2 spell levels left.
You didn't know any spells.
Your spell library was empty.

Dungeon Overview and Level Annotations

Branches:
Dungeon (4/15)
 Temple: D:4-7

Altars:


Innate Abilities, Weirdness & Mutations

You are resistant to damage.
You can heal yourself by infusing magical energy.
You passively map a small area around you.
You do not regenerate.


Message History

You kill the orc wizard!
Your Axes skill increases to level 3!
You block the orc warrior's attack.
The orc priest miscasts a cantrip.
The orc warrior hits you with a +0 trident!
Your scale mail prevents you from hitting the orc warrior.
The orc warrior hits you with a +0 trident!!
Ouch! That really hurt!
You block the orc priest's attack.
You hit the orc warrior.
The orc warrior is lightly wounded.
Your shield and scale mail prevent you from hitting the orc priest.
You block the orc warrior's attack. You block the orc priest's attack.
You hit the orc warrior.
The orc warrior is moderately wounded.
You slash the orc priest! The orc warrior barely misses you.
The orc priest casts a cantrip, but nothing happens.
The orc priest hits you.
The orc warrior hits you with a +0 trident!
You die...

, * * * ,, , , ,
* * * * ,, ,, ,
* , * , ,, * *
*, ######## ,# ,
,
#o@oS..###.####.
#.####..........
* #<#
#####...... ,
#.# ##### ,..#
****####


You could see an orc warrior, an orc priest and an adder.

Vanquished Creatures
  An orc wizard (D:4)
  A worm (D:3)
  A leopard gecko (D:1)
  An orc (D:4)
  2 bats
  2 giant cockroaches (D:1)
  A goblin (D:3)
  5 hobgoblins
  A quokka (D:2)
  A frilled lizard (D:1)
  5 kobolds
  A rat (D:1)
22 creatures vanquished.

Notes
Turn   | Place    | Note
-------+----------+-------------------------------------------
     0 | D:1      | Flugslaktarn the Deep Dwarf Fighter began the quest for the
                  | Orb.
     0 | D:1      | Reached XP level 1. HP: 20/20 MP: 1/1
   122 | D:1      | Reached XP level 2. HP: 25/27 MP: 2/2
   434 | D:4      | Reached XP level 3. HP: 22/34 MP: 3/3
   437 | D:4      | Noticed an orc warrior
   459 | D:4      | Slain by an orc warrior

Illustrated notes

Levels and vault maps discovered:
D:1:      dpeg_arrival_rooms_with_view, layout_rooms, chequers_decorated_corner,
          minivault_11, minmay_tetromino_l4
D:2:      layout_loops_corners, lemuel_coloured_pillars_altar,
          chequers_ecumenical_altar_twisty
D:3:      layout_loops_ring, old_standard_altar, uniq_ijyb
D:4:      layout_loops_ring, gammafunk_temple_overflow_claw,
          nicolae_overflow_crystal_walls

Skill      XL: |  1  2  3 |
---------------+----------+-----
Fighting       | 3 |  3.3
Axes           | 3 |  3.1
Armour         | |  3.6
Shields        | |  3.7

Action                   || total
-------------------------++-------
Melee: War axe           ||    76
 Abil: Heal Wounds       ||     3
  Use: Potion            ||     1
Armor: Scale mail        ||    25
Dodge: Dodged            ||    23
Block: Kite shield       ||    16
       Tower shield      ||    37

Table legend: (Time is in decaauts)
 A = Elapsed time spent in this place.
 B = Non-inter-level travel time spent in this place.
 C = Inter-level travel time spent in this place.
 D = Time resting spent in this place.
 E = Time spent auto-exploring this place.
 F = Levels seen in this place.
 G = Mean time per level.
                   A        B        C        D        E       F      G
               +--------+--------+--------+--------+--------+-----+--------+
         Total |    495 |    435 |     60 |      0 |    182 |   4 |  123.8 |
       Dungeon |    495 |    435 |     60 |      0 |    182 |   4 |  123.8 |
               +--------+--------+--------+--------+--------+-----+--------+

Top non-repeatable levels by time:
     D:1: 315 daAuts
     D:2: 90 daAuts
     D:3: 46 daAuts
     D:4: 42 daAuts
